 Dungeon Crawl Stone Soup version 0.26-a0-665-gefeb406119 (webtiles) character file.

Game seed: 17864446875359393574

4704 Peloso the Blocker (level 10, -3/84 HPs)
             Began as a Minotaur Fighter on Oct 14, 2020.
             Was a Believer of Okawaru.
             Slain by a catoblepas (10 damage)
             ... while petrified by you
             ... on level 9 of the Dungeon.
             The game lasted 00:23:56 (9064 turns).

Peloso the Blocker (Minotaur Fighter)               Turns: 9064, Time: 00:23:57

Health: -3/84      AC: 19    Str: 23    XL:     10   Next: 21%
Magic:  9/9        EV:  2    Int:  5    God:    Okawaru [**....]
Gold:   1300       SH:  0    Dex: 11    Spells: 9/9 levels left

rFire    . . .     SeeInvis .   a - +1 long sword
rCold    . . .     Faith    .   c - +0 kite shield
rNeg     + + +     Spirit   .   D - +2 plate armour {rN+}
rPois    ∞         Reflect  .   (helmet restricted)
rElec    .         Harm     .   (no cloak)
rCorr    .         Rampage  .   s - +0 pair of gloves
MR       .....                  t - +1 pair of boots
Stlth    ..........             (no amulet)
HPRegen  0.24/turn              h - ring of stealth
MPRegen  0.11/turn              (no ring)

@: petrified, berserk cooldown, slowed
A: retaliatory headbutt, horns 2
a: Heroism, Renounce Religion


You were on level 9 of the Dungeon.
You worshipped Okawaru.
Okawaru was pleased with you.
You visited 2 branches of the dungeon, and saw 10 of its levels.
You also visited: Bailey.

You collected 1300 gold pieces.

Inventory:

Hand Weapons
 a - a +1 long sword (weapon)
Missiles
 r - 32 bolts
Armour
 b - a +0 scale mail
 c - a +0 kite shield (worn)
 l - a +0 chain mail
 s - a +0 pair of gloves (worn)
 t - a +1 pair of boots (worn)
 D - a +2 plate armour of positive energy (worn)
Jewellery
 h - a ring of stealth (left hand)
 n - an uncursed ring of stealth
 F - an uncursed amulet of guardian spirit
Wands
 q - a wand of polymorph (7)
 v - a wand of iceblast (1)
 H - a wand of enslavement (9)
Scrolls
 e - 4 scrolls of remove curse
 f - 2 scrolls of enchant weapon
 g - 2 scrolls of teleportation
 i - 2 scrolls of identify
 j - a scroll of amnesia
 m - a scroll of noise
 o - a scroll of magic mapping
 w - a scroll of blinking
 y - a scroll of enchant armour {unknown}
Potions
 d - a potion of might
 k - 4 potions of curing
 p - 3 potions of stabbing
 u - a potion of mutation
 x - 2 potions of magic
 A - a potion of flight
 B - 3 potions of cancellation
 C - a potion of haste
 G - a potion of resistance
Miscellaneous
 E - a phial of floods


   Skills:
 + Level 6.9 Fighting
 + Level 9.8 Long Blades
 + Level 8.4 Armour
 + Level 3.3 Dodging
 + Level 1.0 Stealth
 + Level 11.2 Shields
 + Level 0.7 Invocations
 + Level 1.0 Evocations


You had 9 spell levels left.
You didn't know any spells.
Your spell library contained the following spells:

 Spells                   Type           Power        Failure   Level
 Animate Skeleton         Necr           #.....       100%        1
 Apportation              Tloc           #.....       100%        1
 Corona                   Hex            #......      100%        1
 Summon Small Mammal      Summ           #...         100%        1


Dungeon Overview and Level Annotations

Branches:
Dungeon (9/15)             Temple (1/1) D:5          Bailey (visited)
   Lair: D:8-11         Orc: D:9-12

Altars:
Ashenzari
Cheibriados
Dithmenos
Elyvilon
Fedhas
Gozag
Hepliaklqana
Kikubaaqudgha
Makhleb
Nemelex Xobeh
Okawaru
Qazlal
Ru
Trog
Uskayaw
Vehumet
Wu Jian
Xom
Yredelemnul
Zin
The Shining One


Innate Abilities, Weirdness & Mutations

You reflexively headbutt those who attack you in melee.
You have a pair of horns on your head.


Message History

You are engulfed in calcifying dust.
You are slowing down.
The catoblepas gores you!
You are engulfed in calcifying dust.
Your limbs have turned to stone.
The catoblepas gores you.
* * * LOW HITPOINT WARNING * * *
You have turned to stone.
You are engulfed in calcifying dust.
The catoblepas gores you!
* * * LOW HITPOINT WARNING * * *
You are engulfed in calcifying dust.
The catoblepas gores you!
* * * LOW HITPOINT WARNING * * *
You are engulfed in calcifying dust.
The catoblepas gores you!!
* * * LOW HITPOINT WARNING * * *
You are engulfed in calcifying dust.
The catoblepas breathes a plume of calcifying dust at you.
The blast of calcifying dust hits you but does no damage.
The catoblepas breathes a plume of calcifying dust at you.
The blast of calcifying dust hits you but does no damage.
You are engulfed in calcifying dust.
The catoblepas gores you!!
You die...

#...# .#.... ##..##
...... #..## #.... #.§#
##. #... ###..# ... #..
##....# .#.#
###.########.§...#
.#.###..........<§.#.##
.........#######@.##.#
#(............÷Y..##.#
..............##.###.#
..............##.# #.#
.#............##.# .#
..............##.#
.#...##..######..#
.#.Y.###.# .## ....##
#...


You could see a catoblepas.

Vanquished Creatures
  6 yaks (D:9)
  Duvessa (D:4)
  A water moccasin (D:8)
  2 ice beasts
  6 orc warriors (Bailey)
  A black bear (D:7)
  2 phantoms (D:4)
  3 sky beasts
  6 ogres
  2 centaurs
  6 bullfrogs
  Dowan (D:4)
  A scorpion (D:6)
  A water moccasin skeleton (D:8)
  3 wights
  A howler monkey (D:4)
  2 quasits (D:7)
  A bullfrog zombie (D:6)
  5 hounds
  2 jellies
  A bullfrog skeleton (D:5)
  A gnoll shaman (D:7)
  2 orc wizards (D:7)
  8 worker ants
  A killer bee zombie (D:8)
  A hound skeleton (D:5)
  A worker ant zombie (D:6)
  A howler monkey skeleton (D:4)
  15 gnolls
  9 adders
  A shadow imp (D:7)
  An ufetubus (D:6)
  An adder skeleton (D:8)
  3 worms (D:2)
  2 dart slugs
  5 leopard geckos
  11 orcs
  5 bats
  6 giant cockroaches
  6 goblins
  5 hobgoblins
  9 jackals
  18 kobolds
  5 quokkas
  2 ball pythons
  6 frilled lizards
  2 quokka skeletons
  A quokka zombie (D:5)
  12 rats
194 creatures vanquished.

Notes
Turn   | Place    | Note
-------+----------+-------------------------------------------
     0 | D:1      | Peloso the Minotaur Fighter began the quest for the Orb.
     0 | D:1      | Reached XP level 1. HP: 19/19 MP: 0/0
   164 | D:1      | Reached XP level 2. HP: 17/27 MP: 1/1
   433 | D:1      | Reached skill level 4 in Shields
   664 | D:2      | Reached XP level 3. HP: 27/33 MP: 2/2
  1490 | D:3      | Noticed a centaur
  1508 | D:3      | Killed a centaur
  1508 | D:3      | Reached skill level 5 in Shields
  1508 | D:3      | Reached XP level 4. HP: 12/40 MP: 3/3
  1508 | D:3      | Reached XP level 5. HP: 13/46 MP: 4/4
  2281 | D:4      | Noticed Dowan
  2281 | D:4      | Noticed Duvessa
  2282 | D:4      | Found a sacrificial altar of Ru.
  2297 | D:4      | Killed Duvessa
  2297 | D:4      | Reached XP level 6. HP: 49/53 MP: 5/5
  2303 | D:4      | Killed Dowan
  2303 | D:4      | Reached skill level 5 in Armour
  2421 | D:4      | Reached skill level 6 in Shields
  2427 | D:4      | Reached skill level 5 in Long Blades
  2460 | D:4      | Reached skill level 1 in Dodging
  2545 | D:4      | Reached XP level 7. HP: 43/60 MP: 6/6
  3542 | D:5      | Entered Level 5 of the Dungeon
  4191 | D:5      | Reached skill level 5 in Fighting
  4236 | D:5      | Found a staircase to the Ecumenical Temple.
  4439 | D:5      | Reached skill level 7 in Shields
  4684 | D:6      | Reached XP level 8. HP: 62/68 MP: 7/7
  5307 | D:6      | Reached skill level 8 in Shields
  5479 | Temple   | Entered the Ecumenical Temple
  5545 | Temple   | Became a worshipper of Warmaster Okawaru
  5968 | D:7      | Found an ancient bone altar of Kikubaaqudgha.
  6177 | D:7      | Reached XP level 9. HP: 72/75 MP: 8/8
  6292 | D:8      | Reached * piety under Okawaru
  6350 | D:8      | Found a flagged portal.
  6400 | Bailey   | Entered a bailey
  6877 | Bailey   | Reached skill level 9 in Shields
  7426 | D:7      | Reached skill level 1 in Evocations
  7920 | D:7      | Reached skill level 10 in Shields
  7928 | D:7      | Reached skill level 1 in Stealth
  8363 | D:8      | Reached ** piety under Okawaru
  8811 | D:9      | Reached XP level 10. HP: 77/84 MP: 9/9
  8823 | D:9      | Reached skill level 11 in Shields
  8855 | D:9      | Reached *** piety under Okawaru
  9003 | D:9      | Noticed a catoblepas
  9064 | D:9      | Slain by a catoblepas

Illustrated notes

Levels and vault maps discovered:
D:1:      enne_arrival_octagon_isle, layout_basic
D:2:      layout_loops_ring
D:3:      layout_loops_ring
D:4:      layout_basic, hangedman_ru_absence, minmay_box_of_dots, uniq_duvessa
D:5:      layout_cave_pods, minmay_temple_entry_from_below_a
D:6:      layout_basic
D:7:      layout_rooms, lemuel_altar_in_water
D:8:      layout_rooms, enter_bailey_2, grunt_tough_drop
D:9:      cheibrodos_shockbox, layout_rooms, lair_entry_dummy, serial_shops,
          shop, basic_altar, hangedman_decor_diamond_cutter
Temple:   compressed_dpeg_circular_temple

Skill      XL: |  1  2  3  4  5  6  7  8  9 10 |
---------------+-------------------------------+-----
Armour         | 4 5 6 7 8 |  8.4
Shields        | 4 5 6 7 8 10 11 | 11.2
Fighting       | 4 5 6 |  6.9
Long Blades    | 3 4 5 6 8 9 |  9.8
Dodging        | 1 2 3 |  3.3
Evocations     | 1 |  1.0
Stealth        | 1 |  1.0
Invocations    | |  0.7

Action                   |  1- 3 |  4- 6 |  7- 9 | 10-12 || total
-------------------------+-------+-------+-------+-------++-------
Melee: Long sword        |   114 |    61 |   413 |    51 ||   639
       Headbutt          |    18 |    11 |    99 |    14 ||   142
Invok: Heroism           |       |       |     7 |     1 ||     8
Evoke: Wand              |       |       |     8 |     1 ||     9
  Use: Potion            |     3 |     3 |     4 |     1 ||    11
       Scroll            |       |       |    14 |       ||    14
Armor: Scale mail        |    28 |       |       |       ||    28
       Chain mail        |    39 |    26 |   189 |       ||   254
       Plate armour      |       |       |   111 |    31 ||   142
Dodge: Dodged            |    46 |    19 |   180 |     7 ||   252
Block: Kite shield       |    80 |    34 |   361 |    18 ||   493
       Rpst.: Long sword |    10 |     8 |    33 |     2 ||    53

Table legend: (Time is in decaauts)
 A = Elapsed time spent in this place.
 B = Non-inter-level travel time spent in this place.
 C = Inter-level travel time spent in this place.
 D = Time resting spent in this place.
 E = Time spent auto-exploring this place.
 F = Levels seen in this place.
 G = Mean time per level.
                   A        B        C        D        E       F      G
               +--------+--------+--------+--------+--------+-----+--------+
         Total |   9125 |   8899 |    226 |   1323 |   5457 |  11 |  829.5 |
       Dungeon |   8071 |   7845 |    226 |    808 |   5327 |   9 |  896.8 |
        Temple |     83 |     83 |      0 |      0 |     58 |   1 |   83.0 |
        Bailey |    970 |    970 |      0 |    515 |     72 |   1 |  970.0 |
               +--------+--------+--------+--------+--------+-----+--------+

Top non-repeatable levels by time:
     D:7: 1478 daAuts
     D:4: 1296 daAuts
     D:6: 1057 daAuts
     D:5: 1050 daAuts
  Bailey: 970 daAuts
     D:2: 866 daAuts
     D:3: 776 daAuts
     D:1: 657 daAuts
     D:8: 602 daAuts
     D:9: 285 daAuts
  Temple: 83 daAuts
